 Dungeon Crawl Stone Soup version 0.28.0-45-g0d030f2227 (webtiles) character file.

Game seed: 17666348566168934204

74 sking99 the Skirmisher (level 4, -2/40 HPs)
             Began as a Hill Orc Fighter on May 18, 2022.
             Slain by a gnoll
             ... wielding a +0 flail
              (3 damage)
             ... on level 2 of the Dungeon.
             The game lasted 00:02:08 (2233 turns).

sking99 the Skirmisher (Hill Orc Fighter)           Turns: 2233, Time: 00:02:08

Health: -2/40      AC:  7    Str: 20    XL:     4   Next: 30%
Magic:  4/4        EV:  9    Int:  8    God:
Gold:   114        SH:  4    Dex: 10    Spells: 3/3 levels left

rFire   . . .      SeeInvis .   a - +0 war axe
rCold   . . .      Faith    .   c - +0 buckler
rNeg    . . .      Spirit   .   b - +0 scale mail
rPois   .          Reflect  .   (no helmet)
rElec   .          Harm     .   (no cloak)
rCorr   .          Rampage  .   (no gloves)
Will    .....                   (no boots)
Stlth   ..........              (no amulet)
HPRegen 0.13/turn               (no ring)
MPRegen 0.09/turn               (no ring)

@: no status effects
A: no striking features
a: no special abilities


You were on level 2 of the Dungeon.
You visited 1 branch of the dungeon, and saw 3 of its levels.

You collected 114 gold pieces.

Inventory:

Hand Weapons
 a - a +0 war axe (weapon)
Missiles
 j - 5 poisoned darts (quivered)
Armour
 b - a +0 scale mail (worn)
 c - a +0 buckler (worn)
Jewellery
 o - a +6 ring of strength
Scrolls
 f - a scroll of identify
 i - 2 scrolls of silence {unknown}
 m - a scroll of teleportation {unknown}
Potions
 d - 2 potions of might
 e - a potion of berserk rage {unknown}
 g - a potion of magic {unknown}
 h - a potion of cancellation {unknown}
 k - a potion of heal wounds
 l - a potion of haste {unknown}
 n - a potion of flight {unknown}


   Skills:
 + Level 4.2 Fighting
 * Level 4.2 Axes
 + Level 3.7 Armour
 + Level 3.8 Shields


You had 3 spell levels left.
You didn't know any spells.
Your spell library was empty.

Dungeon Overview and Level Annotations

Branches:
Dungeon (3/15)

Altars:


Message History

The quokka bites you but does no damage.
There is a stone staircase leading up here.
You closely miss the frilled lizard.
The frilled lizard bites you but does no damage.
You slash the frilled lizard!
You kill the frilled lizard!
The quokka bites you but does no damage.
You closely miss the quokka. The quokka completely misses you.
You hit the quokka.
The quokka is severely wounded.
You block the quokka's attack.
The quokka bites you but does no damage.
You slash the quokka!
You kill the quokka!
The quokka closely misses you.
You slash the quokka!
You kill the quokka!
You closely miss the gnoll. The gnoll barely misses you.
The gnoll hits you from afar with a +0 spear!
The gnoll hits you with a +0 flail.
You closely miss the gnoll. The gnoll hits you but does no damage.
The gnoll hits you with a +0 flail! The gnoll hits you but does no damage.
The gnoll hits you with a +0 flail.
You climb upwards.
There is a stone staircase leading down here.
You closely miss the gnoll. The gnoll barely misses you.
You hit the gnoll.
The gnoll is moderately wounded.
The gnoll barely misses you.
You closely miss the gnoll.
The gnoll is moderately wounded.
The gnoll hits you with a +0 flail.
* * * LOW HITPOINT WARNING * * *
The gnoll hits you with a +0 flail!
* * * LOW HITPOINT WARNING * * *
As you read the scroll labelled NUIFEFREOST, it crumbles to dust.
It is a scroll of identify.
k - a potion of heal wounds The gnoll hits you with a +0 flail.
You die...

......##P#P...# #....# #P♣
##....#P.#.≈P[♣###....# #.≈
#....##.#[.≈≈._#......# #P≈
..#...#.##.PP.♣#...#### #.P
..#...P.P#P...##..## #≈P
..##...####..P###.###### #.P
..##..##.###P###.......# ##P
..#...##..#### #.......# #P
..#.#..##..#.###@......# #.
...)#..###....##.g.....#########.
.#.....####......................
.#.###....#>####.......#########.
...# ####.#.# #.[.....# ## ..##
#.#.# ######### .## #...# ##
#..## #..#


You could see a gnoll.

Vanquished Creatures
  3 adders (D:2)
  A worm (D:2)
  2 ball pythons (D:1)
  2 endoplasms (D:1)
  A giant cockroach (D:1)
  5 goblins
  6 hobgoblins (D:1)
  6 quokkas
  9 bats
  2 frilled lizards
  2 kobolds
  A rat (D:1)
40 creatures vanquished.

Vanquished Creatures (others)
  24 plants (D:2)
24 creatures vanquished.

Grand Total: 64 creatures vanquished

Notes
Turn   | Place    | Note
-------+----------+-------------------------------------------
     0 | D:1      | sking99 the Hill Orc Fighter began the quest for the Orb.
     0 | D:1      | Reached XP level 1. HP: 19/19 MP: 1/1
   294 | D:1      | Reached XP level 2. HP: 24/27 MP: 2/2
   731 | D:1      | You fall into a shaft and drop 1 floor!
   780 | D:2      | Reached XP level 3. HP: 32/33 MP: 3/3
  1531 | D:2      | Reached XP level 4. HP: 39/40 MP: 4/4
  1599 | D:2      | Found a faded altar of an unknown god.
  2170 | D:3      | Noticed a gnoll sergeant
  2232 | D:2      | HP: 1/40 [gnoll/+0 flail (9)]
  2233 | D:2      | Slain by a gnoll

Illustrated notes

Levels and vault maps discovered:
D:1:      lemuel_arrival_hallway, layout_basic
D:2:      layout_rooms, dreamdust_ecumenical_altar_hidden_monk_grotto,
          serial_bayou, serial_bayou_lagoon_b, serial_bayou_pond_b,
          serial_bayou_lagoon_a, serial_bayou_pond_e
D:3:      kennysheep_the_goblin_king, layout_loops_corners,
          grunt_temple_overflow_order_and_chaos_2, okawaru_altar_gauntlet_db

Skill      XL: |  1  2  3 |
---------------+----------+-----
Axes           | 3 4 |  4.2
Fighting       | 4 |  4.2
Armour         | |  3.7
Shields        | |  3.8

Action                   |  1- 3 |  4- 6 || total
-------------------------+-------+-------++-------
Melee: War axe           |   115 |    26 ||   141
  Use: Scroll            |       |     1 ||     1
Armor: Scale mail        |    75 |    12 ||    87
Dodge: Dodged            |    74 |    12 ||    86
Block: Buckler           |    27 |     2 ||    29
